 Dungeon Crawl Stone Soup version 0.28.0 (webtiles) character file.

Game seed: 6617016684410489930

4 HallandMoats the Skirmisher (level 1, 18/18 HPs)
             Began as a Demonspawn Monk on Feb 6, 2022.
             Was a Believer of Fedhas.
             Got out of the dungeon alive.
             The game lasted 00:00:32 (398 turns).

HallandMoats the Skirmisher (Demonspawn Monk)        Turns: 398, Time: 00:00:33

Health: 18/18      AC:  2    Str: 11    XL:     1   Next: 58%
Magic:  1/1        EV: 13    Int: 11    God:    Fedhas [**....]
Gold:   0          SH:  0    Dex: 15    Spells: 0/0 levels left

rFire   . . .      SeeInvis .     - Unarmed
rCold   . . .      Faith    .   (no shield)
rNeg    . . .      Spirit   .   a - +0 robe
rPois   .          Reflect  .   (no helmet)
rElec   .          Harm     .   (no cloak)
rCorr   .          Rampage  .   (no gloves)
Will    .....                   (no boots)
Stlth   ++........              (no amulet)
HPRegen 0.06/turn               (no ring)
MPRegen 0.07/turn               (no ring)

@: no status effects
A: no striking features
a: Renounce Religion, Wall of Briars


You escaped.
You worshipped Fedhas.
Fedhas was pleased with you.
You visited 1 branch of the dungeon, and saw 1 of its levels.

Inventory:

Armour
 a - a +0 robe (worn)
Scrolls
 b - a scroll of summoning {unknown}


   Skills:
 * Level 3.1 Fighting
 + Level 0.1 Armour
 + Level 2.7 Dodging
 - Level 1.7 Stealth
 * Level 2.8 Unarmed Combat
 + Level 0.4 Invocations


You couldn't memorise any spells.
You didn't know any spells.
Your spell library was empty.

Dungeon Overview and Level Annotations

Branches:
Dungeon (1/15)

Altars:
Fedhas


Message History

A nearby fungus withers and dies.
You hit the fungus.
The fungus begins to die.
The fungus is lightly damaged.
You hit the fungus.
The fungus is lightly damaged.
You hit the fungus.
The fungus is lightly damaged.
You hit the fungus. You punch the fungus.
The fungus is lightly damaged.
You hit the fungus.
The fungus is lightly damaged.
A nearby fungus withers and dies.
You hit the plant.
The plant begins to die.
The plant is lightly damaged.
You hit the plant.
The plant is lightly damaged.
You hit the plant.
The plant is lightly damaged.
You hit the plant.
The plant is lightly damaged.
A nearby plant withers and dies.
Found a glowing green potion.
There is a faded altar of an unknown god here.
There is a faded altar of an unknown god here.
You cannot tell which god this altar belongs to.
Convert to them anyway?
Fedhas accepts your prayer! Fedhas welcomes you!
You can now encircle yourself with summoned briar patches.
The plants of the dungeon cease their hostilities.
Unknown command.
Press < or > to pray at altars.
(D) Dungeon
Where to? (? - help)
What level of the Dungeon? (default 1, ? - help)
You walk carefully through the plants.
There is a staircase leading out of the dungeon here.
Are you sure you want to leave the Dungeon?
This will make you lose the game! [Y]es or [N]o only, please.
Are you sure you want to leave the Dungeon?
This will make you lose the game!
You have escaped!

##..........#
#......#+#.#
#......#.#.#######.#
.......##.#.........#
###########.##..####..
#.........#.#.....## ##
#.#.#####.#..P...P.#...
#.#.......#........#(##
#.######..#....@.......
#.#...(#..#.........###
#.#.##.#..#..P...P.##
#.#.##.####.#.....##
#...##......###.######
###############......#
........รท......+
#########......#
#......#


There were no monsters in sight!

Vanquished Creatures
  2 hobgoblins (D:1)
  A bat (D:1)
  2 frilled lizards (D:1)
5 creatures vanquished.

Vanquished Creatures (others)
  2 fungi (D:1)
  A plant (D:1)
3 creatures vanquished.

Grand Total: 8 creatures vanquished

Notes
Turn   | Place    | Note
-------+----------+-------------------------------------------
     0 | D:1      | HallandMoats the Demonspawn Monk began the quest for the
                  | Orb.
     0 | D:1      | Reached XP level 1. HP: 18/18 MP: 1/1
   354 | D:1      | Found a faded altar of an unknown god.
   382 | D:1      | Prayed at the altar of an unknown god.
   382 | D:1      | Became a worshipper of Fedhas Madash
   382 | D:1      | Reached * piety under Fedhas
   382 | D:1      | Reached ** piety under Fedhas
   398 | D:$      | Got out of the dungeon alive.

Illustrated notes

Levels and vault maps discovered:
D:1:      dpeg_arrival_orchard, layout_basic, dreamdust_ecumenical_altar_grove,
          glass_columns_a, minmay_tromino_v2

Action                   || total
-------------------------++-------
Melee: Unarmed           ||    27
       Punch             ||     2
 Stab: Sleeping          ||     1
Armor: Robe              ||     3
Dodge: Dodged            ||    10
